 Dungeon Crawl Stone Soup version 0.29.1-12-g30fa7ad0bf (webtiles) character file.

Game seed: 9517880219042956413

105 mortz the Digger (level 5, 0/30 HPs)
             Began as a Kobold Earth Elementalist on Dec 25, 2022.
             Slain by an orc wizard
             ... wielding a +0 dagger
              (1 damage)
             ... on level 3 of the Dungeon.
             The game lasted 00:09:20 (2250 turns).

mortz the Digger (Kobold Earth Elementalist)        Turns: 2250, Time: 00:09:21

Health: 0/30       AC:  3    Str:  5    XL:     5   Next: 8%
Magic:  2/9        EV: 15    Int: 19    God:
Gold:   221        SH:  0    Dex: 15    Spells: 7/10 levels left

rFire   . . .      SeeInvis .   a - +3 hand axe "Fismoheu" {flame, rCorr}
rCold   . . .      Faith    .   (no shield)
rNeg    . . .      Spirit   .   h - +0 robe
rPois   .          Reflect  .   s - +0 helmet
rElec   .          Harm     .   (no cloak)
rCorr   +          Rampage  .   (no gloves)
Will    .....                   (no boots)
Stlth   ++........              (no amulet)
HPRegen 0.10/turn               (no ring)
MPRegen 0.11/turn               (no ring)

@: confused
A: small, no large weapons, nightstalker 3
a: no special abilities


You were on level 3 of the Dungeon.
You visited 1 branch of the dungeon, and saw 3 of its levels.

You collected 221 gold pieces.

Inventory:

Hand Weapons
 a - the +3 hand axe "Fismoheu" (weapon) {flame, rCorr}
   (You found it on level 2 of the Dungeon)

   It burns those it strikes, dealing additional fire damage.
   Big, fiery blades are also staple armaments of hydra-hunters.
   rCorr:     It protects you from acid and corrosion.
 b - a +0 sling
 e - a +0 dagger
Missiles
 g - 12 poisoned darts
 t - 6 boomerangs of dispersal
Armour
 h - a +0 robe (worn)
 s - a +0 helmet (worn)
Scrolls
 f - 2 scrolls of magic mapping
 j - a scroll of enchant armour {unknown}
 m - a scroll of immolation {unknown}
 n - a scroll of silence {unknown}
 o - 2 scrolls of teleportation {unknown}
 q - a scroll of butterflies {unknown}
 r - a scroll of poison {unknown}
Potions
 c - 2 potions of magic
 d - a potion of mutation
 i - 4 potions of curing
 k - a potion of cancellation
 l - a potion of resistance
 p - a potion of invisibility
 u - a potion of ambrosia {unknown}


   Skills:
 + Level 1.9 Fighting
 - Level 2.4 Dodging
 - Level 2.6 Stealth
 * Level 3.3 Spellcasting
 + Level 1.6 Transmutations
 * Level 4.0 Earth Magic


You had 7 spell levels left.
You knew the following spells:

 Your Spells              Type           Power      Damage    Failure   Level
a - Sandblast             Erth           36%        2d10      3%          1
p - Passwall              Tmut/Erth      10%        N/A       7%          2

Your spell library contained the following spells:

 Spells                   Type           Power      Damage    Failure   Level
 Wereblood                Tmut           9%         N/A       12%         2
 Necrotise                Necr           12%        1d4       16%         1
 Stone Arrow              Conj/Erth      20%        3d8       21%         3
 Blink                    Tloc           6%         N/A       22%         2
 Sublimation of Blood     Necr           3%         N/A       22%         2
 Vampiric Draining        Necr           3%         2d6       41%         3
 Petrify                  Tmut/Erth      13%        N/A       43%         4
 Agony                    Necr           3%         N/A       99%         5
 Manifold Assault         Tloc           3%         N/A       99%         5
 Storm Form               Tmut/Air       3%         N/A       100%        7
 Summon Hydra             Summ           1%         N/A       100%        7


Dungeon Overview and Level Annotations

Branches:
Dungeon (3/15) Zot: 15719

Altars:
Yredelemnul


Innate Abilities, Weirdness & Mutations

You are small and have problems with some larger weapons.
You are completely attuned to the shadows.


Message History

The adder is almost dead.
The adder barely misses you. The adder misses you.
The blast of sand hits the adder!
You kill the adder!
Your Earth Magic skill increases to level 4!
You have reached level 5!
You feel clever.
The blast of sand hits the orc but does no damage.
You hear some strange, mumbled words.
A puff of flame appears from out of thin air!
The puff of flame hits you. Something hits you.
The +3 hand axe "Fismoheu" {flame, rCorr} stops flaming.
b - a +0 sling (weapon)
The +3 hand axe "Fismoheu" {flame, rCorr} bursts into flame!
a - the +3 hand axe "Fismoheu" (weapon)
{flame, rCorr} You hear some strange, mumbled words.
A puff of flame appears from out of thin air!
The puff of flame hits you!
You hit something. You burn something. Something barely misses you.
You hit something. You burn something. Something hits you but does no damage.
You closely miss something. Something hits you. Something barely misses you.
You hit something. You burn something. Something hits you but does no damage.
You closely miss something. Something hits you.
You closely miss something. Something hits you.
You hear some strange, mumbled words.
A puff of flame appears from out of thin air!
The puff of flame hits you!
* * * LOW HITPOINT WARNING * * *
Casting: Sandblast (safe; 3% risk of failure)
Confirm with . or Enter, or press ? or * to list all spells.
Aiming: Passwall (safe; 7% risk of failure)
Press: ? - help, Dir - move target, p - orc A rock wall.
Something hits you.
* * * LOW HITPOINT WARNING * * *
You begin to meditate on the wall.
You continue meditating on the rock.
You hear some strange, mumbled words.
You are confused.
You continue meditating on the rock.
Something hits you.
You die...

#.....# ####
#.....########...
####....)......<..##
.........######.....
#.....# #...≈.
######.....# #...≈.
#..........# ##..≈.
..####.....# #).≈.
#o{@.##### ##..≈. ##)####
########...≈. ##..#
###........#.≈. #..##
#...########...
.###.######....# ####
S.S..###.......#
##.......##....#
#....######....##########
......#####..............


You could see an orc.

Vanquished Creatures
  A hound (D:3)
  2 adders
  A worm (D:3)
  2 dart slugs (D:2)
  3 orcs (D:3)
  6 ball pythons
  An endoplasm (D:2)
  2 giant cockroaches
  7 goblins
  3 hobgoblins (D:1)
  2 jackals (D:2)
  3 quokkas
  4 bats
  6 frilled lizards
  4 kobolds
  A rat (D:2)
48 creatures vanquished.

Notes
Turn   | Place    | Note
-------+----------+-------------------------------------------
     0 | D:1      | mortz the Kobold Earth Elementalist began the quest for the
                  | Orb.
     0 | D:1      | Reached XP level 1. HP: 10/10 MP: 3/3
   199 | D:1      | Reached XP level 2. HP: 16/16 MP: 3/5
   238 | D:1      | Learned a level 2 spell: Passwall
  1055 | D:2      | Reached skill level 1 in Fighting
  1110 | D:2      | Identified the +3 hand axe "Fismoheu" {flame, rCorr}
  1156 | D:2      | Reached XP level 3. HP: 20/20 MP: 3/6
  1680 | D:2      | Reached XP level 4. HP: 25/25 MP: 5/8
  2131 | D:3      | Found a basalt altar of Yredelemnul.
  2239 | D:3      | Reached skill level 4 in Earth Magic
  2239 | D:3      | Reached XP level 5. HP: 30/30 MP: 3/9
  2248 | D:3      | HP: 1/30 [something (2)]
  2250 | D:3      | Slain by an orc wizard

Illustrated notes

Levels and vault maps discovered:
D:1:      ncdulo_smallfort, layout_loops_cross, dreamdust_wishing_well
D:2:      layout_loops_ring
D:3:      layout_rooms, mainiacjoe_overflow_cross_hatched,
          mainiacjoe_overflow_24_doors, uniq_crazy_yiuf_cottage, uniq_sigmund,
          uniq_terence

Skill      XL: |  1  2  3  4 |
---------------+-------------+-----
Fighting       | 1 |  1.9
Spellcasting   | 3 |  3.3
Earth Magic    | 4 |  4.0
Dodging        | |  2.4
Stealth        | |  2.6
Transmutations | |  1.6

Action                   |  1- 3 |  4- 6 || total
-------------------------+-------+-------++-------
Melee: Hand axe          |       |     6 ||     6
 Cast: Sandblast         |    45 |    18 ||    63
       Passwall          |       |     1 ||     1
  Use: Scroll            |     4 |     2 ||     6
Armor: Robe              |     4 |     2 ||     6
Dodge: Dodged            |    10 |     4 ||    14
